 Dungeon Crawl Stone Soup version 0.26-a0-639-g72c4674329 (webtiles) character file.

Game seed: 11065274657538862214

89350 Lanoc the Spry (level 16, -1/119 HPs)
             Began as a Halfling Hunter on Sept 18, 2020.
             Was the Champion of the Shining One.
             Slain by a ragged hierophant
             ... wielding a +1 scimitar of distortion
              (22 damage)
             ... in the Desolation of Salt on Sept 19, 2020.
             The game lasted 00:57:59 (33495 turns).

Lanoc the Spry (Halfling Hunter)                   Turns: 33495, Time: 00:58:00

Health: -1/119     AC: 15    Str: 17    XL:     16   Next: 43%
Magic:  22/22      EV: 27    Int:  9    God:    the Shining One [******]
Gold:   1053       SH: 15    Dex: 18    Spells: 15/15 levels left

rFire    . . .     SeeInvis .   a - +2 hunting sling
rCold    + . .     Faith    .   j - +3 warlock's mirror {reflect}
rNeg     + + +     Spirit   .   f - +3 ring mail {rC+}
rPois    +         Reflect  +   (no helmet)
rElec    +         Harm     .   L - +2 cloak of Youthful Indiscretion {rPois rCorr}
rCorr    +         Rampage  .   (no gloves)
MR       ++...                  M - +0 pair of boots
Stlth    ..........             B - amulet of reflection
HPRegen  0.29/turn              E - ring of the Louse {rElec Str+4 Dex-4 Stlth-} (curse)
MPRegen  0.18/turn              P - ring of protection from magic

@: glowing, studying Spellcasting
A: small, mutation resistance 1
a: Divine Shield, Cleansing Flame, Summon Divine Warrior, Brand Weapon With Holy
Wrath, Renounce Religion


You were in the Desolation of Salt.
You worshipped the Shining One.
The Shining One was exalted by your worship.
You visited 5 branches of the dungeon, and saw 21 of its levels.
You also visited: Desolation.

You collected 2283 gold pieces.
You spent 1230 gold pieces at shops.

Inventory:

Hand Weapons
 a - a +2 hunting sling (weapon)
 b - the +5 quarterstaff of Golohesu {venom, rF+ Str+3 Dex+2}
   (You found it on level 9 of the Dungeon)

   It poisons the flesh of those it strikes.
   It affects your strength (+3).
   It affects your dexterity (+2).
   It protects you from fire.
Missiles
 d - 21 sling bullets (quivered)
 h - 62 stones
 N - a curare-tipped dart
Armour
 f - a +3 ring mail of cold resistance (worn)
 j - the +3 warlock's mirror (worn) {reflect}
   (You bought it in a shop on level 2 of the Orcish Mines)
 L - the +2 cloak of Youthful Indiscretion (worn) {rPois rCorr}
   (You found it on level 5 of the Lair of Beasts)

   It protects you from poison.
   It provides partial protection from all sources of acid and corrosion.
 M - a +0 pair of boots (worn)
Jewellery
 n - an uncursed ring of protection from cold
 B - an amulet of reflection (around neck)
 E - the cursed ring of the Louse (left hand) {rElec Str+4 Dex-4 Stlth-}
   (You found it on level 7 of the Dungeon)

   [ring of dexterity]

   It affects your strength (+4).
   It affects your dexterity (-4).
   It insulates you from electricity.
   It makes you less stealthy.
   It has a curse placed upon it.
 P - a ring of protection from magic (right hand)
Wands
 t - a wand of polymorph (10)
 v - a wand of digging (15)
 y - a wand of flame (45)
 z - a wand of paralysis (13)
 C - a wand of acid (10)
 H - a wand of iceblast (17)
 Q - a wand of disintegration (14)
Scrolls
 c - 2 scrolls of amnesia
 i - 3 scrolls of immolation
 k - 6 scrolls of enchant armour
 l - a scroll of enchant weapon
 m - 5 scrolls of teleportation
 q - 3 scrolls of fog
 w - 3 scrolls of magic mapping
 x - 4 scrolls of remove curse
 G - 2 scrolls of silence
 K - 2 scrolls of blinking
 O - a scroll of identify
Potions
 e - 5 potions of brilliance
 g - 6 potions of curing
 o - a potion of might
 p - 5 potions of flight
 r - a potion of cancellation
 s - 3 potions of lignification
 u - 2 potions of mutation
 D - 2 potions of magic
 F - a potion of haste
 I - 3 potions of heal wounds
 J - 2 potions of invisibility
Books
 A - a manual of Spellcasting


   Skills:
 + Level 14.1 Fighting
 - Level 12.0 Slings
 + Level 12.2 Armour
 + Level 16.4 Dodging
 - Level 1.1 Stealth
 - Level 5.6 Shields
 * Level 8.7 Invocations


You had 15 spell levels left.
You didn't know any spells.
Your spell library contained the following spells:

 Spells                   Type           Power        Failure   Level
 Animate Skeleton         Necr           #.....       54%         1
 Corona                   Hex            #......      54%         1
 Foxfire                  Conj/Fire      #...         54%         1
 Pain                     Necr           #...         54%         1
 Sting                    Tmut/Pois      #...         54%         1
 Poisonous Vapours        Pois/Air       #.....       67%         2
 Slow                     Hex            #.......     67%         2
 Conjure Flame            Conj/Fire      #.......     88%         3
 Gell's Gravitas          Tloc           #.........   88%         3
 Ignite Poison            Fire/Tmut/Pois #.......     88%         3
 Inner Flame              Hex/Fire       #.......     88%         3
 Mephitic Cloud           Conj/Pois/Air  #.......     88%         3
 Portal Projectile        Hex/Tloc       #.....       88%         3
 Vampiric Draining        Necr           #.........   88%         3
 Animate Dead             Necr           #.........   99%         4
 Cause Fear               Hex            #.........   99%         4
 Leda's Liquefaction      Hex/Erth       #.........   99%         4
 Olgreb's Toxic Radiance  Pois           #.......     99%         4
 Sticky Flame             Conj/Fire      #.......     99%         4
 Agony                    Necr           #.......     100%        5
 Fireball                 Conj/Fire      #.........   100%        5
 Dispersal                Tloc           #.........   100%        6
 Disjunction              Tloc           #.........   100%        8


Dungeon Overview and Level Annotations

Branches:
Dungeon (11/15)            Temple (1/1) D:7            Lair (6/6) D:9
 Shoals (0/4) Lair:3       Spider (0/4) Lair:4        Slime (0/5) Lair:5
    Orc (2/2) D:10            Elf (1/3) Orc:2       Desolation (1/1)

Altars:
Ashenzari
Cheibriados
Fedhas
Makhleb
Nemelex Xobeh
Okawaru
Ru
Yredelemnul
Zin
The Shining One
Jiyva

Shops:
D:4 [   D:5 =   D:6 *   D:10 !!?   Orc:2 ?=([(   Elf:1 (

Annotations:
D:3 3 runed translucent doors, LostGamesStreakFreak's ghost, amateur TrDe
D:7 1 runed translucent door, Lanoc's ghost, weakling TeDe
D:10 1 runed translucent door, Borgoz's ghost, journeyman MiAK
Lair:2 3 runed translucent doors, Xipsemp's ghost, journeyman OgFE
Lair:3 1 runed translucent door, Dygurodad's ghost, journeyman DsBr


Innate Abilities, Weirdness & Mutations

You are small and have problems with some larger weapons.
You are somewhat resistant to further mutation.


Message History

You block the ragged hierophant's attack.
Firing (i - inventory. (/) - cycle)
d - 23 sling bullets (quivered)
Press: ? - help, Shift-Dir - straight line, f/p - ragged hierophant
Aim: a ragged hierophant, wielding a +1 scimitar of distortion and wearing a +0 leather armour of magic resistance (salt, almost dead, haloed)
You shoot a sling bullet.
The sling bullet hits the ragged hierophant.
The ragged hierophant is almost dead.
The saltling hits you!
* * * LOW HITPOINT WARNING * * *
Firing (i - inventory. (/) - cycle)
d - 22 sling bullets (quivered)
Press: ? - help, Shift-Dir - straight line, f/p - ragged hierophant
Aim: a ragged hierophant, wielding a +1 scimitar of distortion and wearing a +0 leather armour of magic resistance (salt, almost dead, haloed)
You shoot a sling bullet.
The sling bullet hits the ragged hierophant.
The ragged hierophant is almost dead.
You block the saltling's attack.
The ragged hierophant hits you with a +1 scimitar of distortion!
* * * LOW HITPOINT WARNING * * *
Space warps horribly around you!!
You die...

################
####################
####################
######..............
######..............
######....§§....#...
######...§§§§§§..(..
######...§§§§§§.#...
######...§§§@p§...(#
######..§.§§8§§.(.).
######....§§§§§..#..
######...........# .
######..........(.#
######..#.(......#..
#..
######..#......... #
...
######...........##
... ### .#.


You could see a ragged hierophant and a saltling (strong).

Vanquished Creatures
  A halazid warlock (Desolation)
  A ragged hierophant (Desolation)
  Fannar (Lair:3)
  6 hydras
  4 servants of whispers
  2 catoblepae
  2 dancing weapons (Elf:1)
  A two-headed ogre (Orc:2)
  5 orc high priests
  2 deep elf archers (Elf:1)
  2 deep elf magi (Elf:1)
  9 orc knights
  An orc sorcerer (Orc:1)
  A manticore (Lair:3)
  Joseph (D:8)
  A cyclops (Orc:1)
  18 elephants
  4 black mambas
  9 cane toads
  Maggie (D:9)
  2 rime drakes
  6 komodo dragons
  5 hornets (Lair:6)
  A troll (Orc:1)
  7 polar bears
  Prince Ribbit (D:7)
  14 blink frogs
  A dream sheep (Lair:6)
  11 saltlings
  12 hippogriffs
  A redback (Lair:4)
  15 spriggans (Lair:6)
  6 wyverns
  20 yaks
  Menkaure (D:7)
  3 basilisks
  2 wargs
  A soldier ant (D:8)
  11 water moccasins
  10 porcupines
  33 orc warriors
  2 swamp drakes
  8 black bears
  4 sky beasts
  4 ice beasts
  A necrophage (D:6)
  11 ogres
  28 wolves
  3 phantoms
  4 boggarts (Lair:6)
  19 crocodiles
  9 centaurs
  19 bullfrogs
  A big kobold (D:8)
  3 water moccasin zombies
  4 killer bees (D:9)
  A scorpion (D:10)
  3 howler monkeys
  4 electric eels (Lair:5)
  2 bullfrog zombies
  Crazy Yiuf (D:5)
  6 hounds
  An iron imp (D:5)
  2 jellies (D:6)
  2 bullfrog skeletons
  A centaur skeleton (D:7)
  32 orc priests
  Ijyb (D:3)
  4 iguanas
  14 orc wizards
  10 worker ants
  2 hound skeletons
  2 howler monkey zombies
  A worker ant zombie (D:5)
  10 adders
  A howler monkey skeleton (D:11)
  A shadow imp (D:10)
  A white imp (D:7)
  3 ufetubi
  An ooze (D:3)
  An adder zombie (D:9)
  An adder skeleton (D:5)
  3 worms
  2 dart slugs
  3 leopard geckos
  96 orcs
  3 giant cockroaches
  10 goblins
  6 hobgoblins
  7 jackals
  6 quokkas
  3 bats
  14 kobolds
  A quokka zombie (D:7)
  3 rats
620 creatures vanquished.

Vanquished Creatures (others)
  An orc warrior (D:10)
  32 fungi
  40 plants
73 creatures vanquished.

Grand Total: 693 creatures vanquished

Notes
Turn   | Place    | Note
-------+----------+-------------------------------------------
     0 | D:1      | Lanoc the Halfling Hunter began the quest for the Orb.
     0 | D:1      | Reached XP level 1. HP: 14/14 MP: 1/1
    77 | D:1      | Reached XP level 2. HP: 19/19 MP: 2/2
   202 | D:2      | Reached XP level 3. HP: 24/24 MP: 3/3
   800 | D:2      | Found a glowing golden altar of the Shining One.
   824 | D:2      | Found a sparkling altar of Nemelex Xobeh.
   827 | D:2      | Found a burning altar of Makhleb.
   827 | D:2      | Found a shattered altar of Ashenzari.
   843 | D:2      | Became a worshipper of the Shining One
   996 | D:3      | Reached XP level 4. HP: 24/30 MP: 4/4
  1127 | D:3      | Reached skill level 3 in Dodging
  1424 | D:3      | Noticed an ogre
  1435 | D:3      | Killed an ogre
  1435 | D:3      | Reached XP level 5. HP: 20/36 MP: 5/5
  1595 | D:3      | Reached XP level 6. HP: 42/42 MP: 6/6
  1660 | D:3      | Noticed Ijyb
  1690 | D:3      | Killed Ijyb
  1840 | D:3      | Found a runed translucent gate.
  1840 | D:3      | Found a runed translucent gate.
  1840 | D:3      | Found a runed translucent gate.
  1841 | D:3      | Noticed LostGamesStreakFreak's ghost (amateur TrDe)
  2177 | D:3      | Found a glowing golden altar of the Shining One.
  2702 | D:4      | Found a sacrificial altar of Ru.
  2718 | D:4      | Found Luniliac's Antique Armour Shoppe.
  2724 | D:4      | Reached skill level 4 in Dodging
  2965 | D:5      | Entered Level 5 of the Dungeon
  3121 | D:5      | Reached XP level 7. HP: 46/46 MP: 7/7
  3187 | D:5      | Reached * piety under the Shining One
  3342 | D:5      | Reached skill level 10 in Slings
  3449 | D:5      | Reached XP level 8. HP: 48/54 MP: 8/8
  3512 | D:5      | Found Vigulen's Jewellery Emporium.
  3796 | D:5      | Reached skill level 5 in Dodging
  3817 | D:5      | Found a snail-covered altar of Cheibriados.
  3951 | D:5      | Found a runed translucent door.
  3952 | D:5      | Noticed Crazy Yiuf
  3964 | D:5      | Killed Crazy Yiuf
  3995 | D:6      | You fall into a shaft and drop 2 floors!
  3995 | D:8      | Found a glowing golden altar of the Shining One.
  4227 | D:8      | Noticed Joseph
  4565 | D:9      | Noticed a hippogriff
  4576 | D:9      | Killed a hippogriff
  5164 | D:9      | Got a glimmering quarterstaff
  5164 | D:9      | Identified the +5 quarterstaff of Golohesu {venom, rF+
                  | Str+3 Dex+2} (You found it on level 9 of the Dungeon)
  5438 | D:9      | Reached skill level 5 in Fighting
  5438 | D:9      | Reached skill level 6 in Dodging
  5438 | D:9      | Reached XP level 9. HP: 60/61 MP: 7/9
  5466 | D:9      | Found a snail-covered altar of Cheibriados.
  5889 | D:9      | Reached skill level 7 in Dodging
  6043 | D:9      | Found a staircase to the Lair.
  6053 | D:9      | Noticed Maggie
  6062 | D:9      | Killed Maggie
  6425 | D:9      | Reached skill level 8 in Dodging
  6808 | D:8      | Reached XP level 10. HP: 66/71 MP: 10/10
  6945 | D:8      | Killed Joseph
  6945 | D:8      | Reached skill level 9 in Dodging
  7352 | D:8      | Reached ** piety under the Shining One
  7629 | D:7      | Noticed Menkaure
  7638 | D:7      | Killed Menkaure
  7720 | D:7      | Noticed Prince Ribbit
  7733 | D:7      | Killed Prince Ribbit
  7888 | D:7      | Got a smoking lead ring
  7892 | D:7      | Identified the cursed ring of the Louse {rElec Str+4 Dex-4
                  | Stlth-} (You found it on level 7 of the Dungeon)
  8076 | D:7      | Reached skill level 10 in Dodging
  8229 | D:7      | Found a glowing silver altar of Zin.
  8296 | D:7      | Found a blossoming altar of Fedhas.
  8318 | D:7      | Found a staircase to the Ecumenical Temple.
  8324 | Temple   | Entered the Ecumenical Temple
  8355 | D:7      | Found a runed translucent door.
  8360 | D:7      | Noticed Lanoc's ghost (weakling TeDe)
  8789 | D:6      | Found Xonosock's Assorted Antiques.
  8801 | D:6      | Bought a scroll labeled JIARACA DIFUST for 26 gold pieces
  8801 | D:6      | Bought 2 scrolls labeled UKHLYUCRUA UVUARPH for 52 gold
                  | pieces
  8801 | D:6      | Bought a scroll labeled PIESUON VELEPN for 26 gold pieces
  8801 | D:6      | Bought a scroll labeled KOTOZX BAYP for 26 gold pieces
  9280 | D:10     | Entered Level 10 of the Dungeon
  9368 | D:10     | Found Apulahe's Magic Scroll Emporium.
  9381 | D:10     | Bought a scroll of identify for 24 gold pieces
  9381 | D:10     | Bought a scroll of magic mapping for 42 gold pieces
  9497 | D:10     | Reached *** piety under the Shining One
  9529 | D:10     | Reached XP level 11. HP: 80/80 MP: 11/11
  9723 | D:10     | Found Putoukh's Distillery.
  9892 | D:10     | Found a staircase to the Orcish Mines.
  9929 | D:10     | Reached skill level 11 in Dodging
 10183 | D:10     | Found a runed translucent door.
 10183 | D:10     | Noticed Borgoz's ghost (journeyman MiAK)
 10183 | D:10     | Noticed a phantasmal warrior
 10186 | D:10     | Found Saexaany's Distillery.
 11091 | D:11     | Reached skill level 10 in Fighting
 11208 | D:11     | Noticed a death knight
 11213 | D:11     | Noticed a skeletal warrior
 11213 | D:11     | Reached **** piety under the Shining One
 11218 | D:11     | Noticed a skeletal warrior
 11225 | D:11     | Noticed a brown ugly thing
 12386 | Orc:1    | Entered Level 1 of the Orcish Mines
 12568 | Orc:1    | Noticed an orc sorcerer
 12575 | Orc:1    | Killed an orc sorcerer
 12575 | Orc:1    | Reached skill level 12 in Dodging
 12827 | Orc:1    | Reached skill level 1 in Armour
 13668 | Orc:2    | Entered Level 2 of the Orcish Mines
 13668 | Orc:2    | Found Nobyex's Magic Scroll Boutique.
 13993 | Orc:2    | Bought a scroll of identify for 34 gold pieces
 13994 | Orc:2    | Reached skill level 13 in Dodging
 13994 | Orc:2    | Reached XP level 12. HP: 90/90 MP: 12/12
 13995 | Orc:2    | Reached skill level 14 in Dodging
 13995 | Orc:2    | Reached XP level 13. HP: 97/97 MP: 13/13
 14489 | Orc:2    | Found a staircase to the Elven Halls.
 14541 | Orc:2    | Reached XP level 14. HP: 78/103 MP: 14/14
 16902 | Orc:2    | Reached ***** piety under the Shining One
 19519 | Orc:2    | Found Coivuu's Jewellery Boutique.
 19519 | Orc:2    | Found Utuohoph's Antique Weapon Boutique.
 19520 | Orc:2    | Found Zoigol's Antique Weapon Shop.
 19520 | Orc:2    | Found Wuysyck's Antique Armour Boutique.
 19530 | Orc:2    | Bought the +3 warlock's mirror {reflect} for 1000 gold
                  | pieces
 19530 | Orc:2    | Found the +3 warlock's mirror {reflect}
 19902 | D:9      | You fall into a shaft and drop 2 floors!
 20354 | Lair:1   | Entered Level 1 of the Lair of Beasts
 20553 | D:9      | Reached skill level 15 in Dodging
 20569 | D:9      | Reached skill level 1 in Shields
 21635 | Lair:2   | Found a runed translucent gate.
 21635 | Lair:2   | Found a runed translucent gate.
 21655 | Lair:2   | Reached skill level 10 in Armour
 21740 | Lair:2   | Found a runed translucent gate.
 21740 | Lair:2   | Noticed Xipsemp's ghost (journeyman OgFE)
 21740 | Lair:2   | Noticed a minotaur
 23122 | Lair:3   | Found a staircase to the Shoals.
 23199 | Lair:3   | Found a snail-covered altar of Cheibriados.
 23632 | Lair:3   | Noticed Fannar
 23672 | Lair:3   | Killed Fannar
 23672 | Lair:3   | Reached XP level 15. HP: 102/111 MP: 15/15
 24094 | Lair:3   | Found a runed translucent door.
 24102 | Lair:3   | Identified the cursed +2 trident of Success {vorpal, Str+4}
 24104 | Lair:3   | Noticed Dygurodad's ghost (journeyman DsBr)
 24885 | Lair:4   | Reached skill level 1 in Invocations
 25284 | Lair:4   | Found a hole to the Spider Nest.
 26143 | Lair:5   | Reached skill level 5 in Shields
 26978 | Lair:5   | Got an encrusted cloak
 26983 | Lair:5   | Identified the +2 cloak of Youthful Indiscretion {rPois
                  | rCorr} (You found it on level 5 of the Lair of Beasts)
 27232 | Lair:5   | Found a staircase to the Slime Pits.
 27233 | Lair:5   | Found a viscous altar of Jiyva.
 28083 | Lair:6   | Entered Level 6 of the Lair of Beasts
 28896 | Lair:6   | Reached skill level 5 in Invocations
 29714 | Lair:6   | Reached skill level 16 in Dodging
 29895 | Lair:6   | Reached ****** piety under the Shining One
 30429 | Lair:6   | Reached XP level 16. HP: 108/118 MP: 21/21
 32074 | Elf:1    | Entered Level 1 of the Elven Halls
 32094 | Elf:1    | Found Vehoyxis's Antique Weapon Boutique.
 32134 | Elf:1    | Found a ruined gateway.
 32739 | Desolati | Entered the Desolation of Salt
 33495 | Desolati | Slain by a ragged hierophant

Illustrated notes

Levels and vault maps discovered:
D:1:      eino_arrival_water_star, layout_basic
D:2:      layout_basic, grunt_temple_overflow_open
D:3:      minmay_skewed_foursquare, layout_loops_ring,
          gammafunk_ghost_necromancy, tso_altar, uniq_ijyb
D:4:      layout_basic, nicolae_ru_sacrificial_ziggurat, serial_shops,
          nicolae_shop_trees, st_stairs_13
D:5:      layout_rooms, serial_shops, shop, chei_slow_surprise,
          uniq_crazy_yiuf_cottage
D:6:      layout_loops_ring, serial_shops, nicolae_shop_overgrown_old_shop,
          minmay_misc_feat_diagonals, lightli_orcish_oven
D:7:      layout_cave_pools, fedhas_altar_1, old_standard_altar,
          minmay_temple_entry_hall, ebering_ghost_reflecting_pool,
          uniq_prince_ribbit1, uniq_menkaure
D:8:      layout_cave_pools, serial_park, serial_park_tiny_1,
          serial_park_tiny_pond, serial_park_tiny_1, lemuel_tele_altar,
          uniq_joseph
D:9:      layout_roguey, marbit_many_paths, erik_lair_dragon, uniq_maggie
D:10:     layout_cave_pods, erik_orc_1, ebering_ghost_inner_flame, serial_shops,
          shop, nicolae_shop_behind_doors, shop
D:11:     layout_irregular_city
Temple:   dpeg_chambers_temple
Lair:1:   layout_long_grid, lemuel_fruit_tree
Lair:2:   layout_regular_city, maelrawn_ghost_gauntlet_escape
Lair:3:   layout_regular_city, minmay_shoals_entry_beasts,
          ebering_ghost_funeral_grove, basic_altar, beast_lair_carwin_7,
          uniq_fannar
Lair:4:   layout_gridlike, spider_nest_entry_rubble, serial_bayou_shore_b
Lair:5:   layout_cave_pods, slime_altar_1, disabler_island,
          infiniplex_staircase_pool
Lair:6:   minmay_lair_end_enchanted_forest, layout_gridlike, grunt_megastairs_5
Orc:1:    layout_caves
Orc:2:    st_orc_pillars, layout_caves, serial_shops, shop_fountains
Elf:1:    layout_geoelf_octagon, portal_desolation_entry_salt, serial_shops,
          shop, hangedman_elven_crosses_minicolossus
Desolation

Skill      XL: |  1  2  3  4  5  6  7  8  9 10 11 12 13 14 15 16 |
---------------+-------------------------------------------------+-----
Slings         | 6 7 8 10 11 12 | 12.0
Fighting       | 2 3 4 5 7 9 11 12 13 14 | 14.1
Dodging        | 3 4 6 8 10 13 14 15 16 | 16.4
Armour         | 6 7 8 10 11 12 | 12.2
Shields        | 4 5 |  5.6
Invocations    | 7 8 |  8.7
Stealth        | |  1.1

Action                   |  1- 3 |  4- 6 |  7- 9 | 10-12 | 13-15 | 16-18 || total
-------------------------+-------+-------+-------+-------+-------+-------++-------
Melee: Short sword       |       |     1 |     5 |       |       |       ||     6
       Quarterstaff      |       |       |    99 |    38 |   156 |       ||   293
 Fire: Hunting sling     |    86 |   192 |   196 |   964 |  2576 |   600 ||  4614
Throw: Dart              |       |     2 |     2 |     2 |    12 |     1 ||    19
Invok: Cleansing Flame   |       |       |       |     1 |       |       ||     1
  Use: Scroll            |       |       |       |    20 |     8 |     4 ||    32
       Potion            |       |       |       |     2 |     2 |       ||     4
Armor: Leather armour    |     2 |     7 |    15 |       |       |       ||    24
       Steam dragon scal |       |       |    10 |    16 |       |       ||    26
       Ring mail         |       |       |       |    22 |   169 |    72 ||   263
Dodge: Dodged            |    20 |    47 |   245 |   299 |  1055 |   282 ||  1948
Block: Other             |       |       |    35 |    84 |    85 |       ||   204
       Reflection        |       |       |     3 |     9 |    14 |    15 ||    41
       Buckler           |       |       |       |       |   834 |   297 ||  1131

Table legend: (Time is in decaauts)
 A = Elapsed time spent in this place.
 B = Non-inter-level travel time spent in this place.
 C = Inter-level travel time spent in this place.
 D = Time resting spent in this place.
 E = Time spent auto-exploring this place.
 F = Levels seen in this place.
 G = Mean time per level.
                   A        B        C        D        E       F      G
               +--------+--------+--------+--------+--------+-----+--------+
         Total |  31854 |  30629 |   1225 |   4068 |  20668 |  22 | 1447.9 |
       Dungeon |  13358 |  12596 |    762 |   1390 |   9089 |  11 | 1214.4 |
        Temple |      1 |      1 |      0 |      0 |      0 |   1 |    1.0 |
          Lair |  10291 |   9935 |    356 |    222 |   7868 |   6 | 1715.2 |
  Orcish Mines |   6910 |   6804 |    106 |   1851 |   3481 |   2 | 3455.0 |
   Elven Halls |    617 |    617 |      0 |    142 |    230 |   1 |  617.0 |
    Desolation |    674 |    674 |      0 |    462 |      0 |   1 |  674.0 |
               +--------+--------+--------+--------+--------+-----+--------+

Top non-repeatable levels by time:
   Orc:1: 3744 daAuts
     D:9: 3221 daAuts
   Orc:2: 3166 daAuts
  Lair:5: 2719 daAuts
  Lair:6: 2653 daAuts
    D:10: 2493 daAuts
  Lair:3: 1437 daAuts
  Lair:2: 1309 daAuts
     D:3: 1277 daAuts
  Lair:4: 1275 daAuts
    D:11: 1272 daAuts
     D:5: 989 daAuts
     D:8: 933 daAuts
  Lair:1: 896 daAuts
     D:7: 828 daAuts
